 Dungeon Crawl Stone Soup version 0.29.1-15-g9cfb28693d (webtiles) character file.

Game seed: 4730414762030681004

49 CryoSword the Poker (level 3, -3/31 HPs)
             Began as a Ghoul Monk on Mar 24, 2023.
             Splashed by a jelly's acid (8 damage)
             ... on level 2 of the Dungeon.
             The game lasted 00:02:22 (2155 turns).

CryoSword the Poker (Ghoul Monk)                    Turns: 2155, Time: 00:02:23

Health: -3/31      AC: 11    Str: 16    XL:     3   Next: 75%
Magic:  2/2        EV:  4    Int:  5    God:
Gold:   141        SH:  0    Dex: 11    Spells: 2/2 levels left

rFire   . . .      SeeInvis .   a - +0 spear
rCold   + + .      Faith    .   (no shield)
rNeg    + + +      Spirit   .   p - +0 plate armour
rPois   ∞          Reflect  .   e - +0 helmet
rElec   .          Harm     .   (no cloak)
rCorr   .          Rampage  .   (no gloves)
Will    .....                   (no boots)
Stlth   ..........              (no amulet)
HPRegen 0.00/turn               d - ring of protection from cold
MPRegen 0.08/turn               (no ring)

@: inhibited regen
A: claws 1, cold resistance 1, negative energy resistance 3, inhibited
regeneration, torment resistance 2, devour on kill
a: no special abilities


You were on level 2 of the Dungeon.
You visited 1 branch of the dungeon, and saw 3 of its levels.

You collected 141 gold pieces.

Inventory:

Hand Weapons
 a - a +0 spear (weapon)
Missiles
 i - 6 atropa-tipped darts (quivered)
 o - 3 poisoned darts
Armour
 e - a +0 helmet (worn)
   (You found it on level 1 of the Dungeon)
 f - a +0 leather armour
   (You found it on level 1 of the Dungeon)
 p - a +0 plate armour (worn)
   (You found it on level 3 of the Dungeon)
Jewellery
 d - a ring of protection from cold (left claw)
   (You found it on level 1 of the Dungeon)
 l - a ring of ice
   (You found it on level 2 of the Dungeon)
Scrolls
 b - a scroll of enchant weapon {unknown}
 j - a scroll of butterflies {unknown}
 k - 4 scrolls of identify {unknown}
 q - a scroll of amnesia {unknown}
 r - a scroll of teleportation {unknown}
Potions
 c - a potion of ambrosia
 g - a potion of cancellation {unknown}
 h - a potion of flight {unknown}
 m - a potion of curing {unknown}
 n - a potion of brilliance {unknown}


   Skills:
 - Level 3.2 Fighting
 + Level 4.2 Polearms
 - Level 2.6 Dodging
 - Level 2.1 Stealth


You had 2 spell levels left.
You didn't know any spells.
Your spell library contained the following spells:

 Spells                   Type           Power      Damage    Failure   Level
 Sandblast                Erth           0%         2d4       100%        1
 Slow                     Hex            0%         N/A       100%        1
 Passwall                 Tmut/Erth      0%         N/A       100%        2
 Confusing Touch          Hex            0%         N/A       100%        3
 Ozocubu's Armour         Ice            0%         N/A       100%        3
 Stone Arrow              Conj/Erth      0%         3d7       100%        3
 Vampiric Draining        Necr           0%         2d6       100%        3
 Metabolic Englaciation   Hex/Ice        0%         N/A       100%        5
 Simulacrum               Ice/Necr       0%         N/A       100%        6


Dungeon Overview and Level Annotations

Branches:
Dungeon (3/15)

Altars:


Innate Abilities, Weirdness & Mutations

You are immune to poison.
You have sharp fingernails.
Your flesh is cold resistant. (rC+)
You are immune to negative energy. (rN+++)
You do not regenerate when monsters are visible.
You are immune to unholy pain and torment.
You thrive by killing the living.


Message History

The ball python barely misses you.
The kobold throws a poisoned dart.
The poisoned dart hits you! The ball python barely misses you. x2
The ball python attacks as you move away!
The ball python closely misses you. x2
The ball python attacks as you move away!
The ball python barely misses you. x2
The ball python misses you. The ball python grabs you.
The ball python constricts you.
Throw: 6 darts (atropa)
Aim: a kobold, wielding a +0 dagger and quivering poisoned darts (47% to hit, chance to blind on hit: 100%)
You throw an atropa-tipped dart.
The atropa-tipped dart closely misses the ball python.
The atropa-tipped dart hits the kobold.
The kobold appears confused.
The ball python barely misses you. The ball python constricts you.
Throw: 5 darts (atropa)
Aim: a kobold, wielding a +0 dagger and quivering poisoned darts (confused, blind, 72% to hit, chance to blind on hit: 100%)
You throw an atropa-tipped dart.
The atropa-tipped dart closely misses the ball python.
The atropa-tipped dart barely misses the kobold.
The kobold seems less confused.
The ball python bites you. The ball python constricts you.
Throw: 4 darts (atropa)
Aim: a kobold, wielding a +0 dagger and quivering poisoned darts (blind, 47% to hit, chance to blind on hit: 100%)
You throw an atropa-tipped dart.
The atropa-tipped dart hits the ball python.
The ball python appears confused.
The ball python closely misses the kobold.
The ball python constricts you.
You hit the ball python. The ball python constricts you. x2
You hit the ball python.
You kill the ball python!
You feel better.
The kobold is no longer blind.
The kobold hits you but does no damage.
You see here an atropa-tipped dart.
You hit the kobold but do no damage. The kobold hits you but does no damage.
You hit the kobold.
You kill the kobold!
o - 3 poisoned darts You see here a +0 dagger.
i - 4 atropa-tipped darts (gained 1)
i - 5 atropa-tipped darts (gained 1)
You see here a +0 dagger.
i - 6 atropa-tipped darts (gained 1)
You see here a +0 plate armour.
p - a +0 plate armour You start removing your armour.
You continue taking off your +0 leather armour. x4
You finish taking off your +0 leather armour.
You start putting on your armour.
You continue putting on your +0 plate armour. x5
You finish putting on your +0 plate armour.
Found a stone staircase leading down.
q - a scroll labelled WURIMI JOLENYA
Found a club.
Found a stone staircase leading up.
Could not explore, unopened door.
Could not explore, unopened door.
You open the door.
Found a scroll labelled LACSEGGOE SOIF.
There is an open door here.
r - a scroll labelled LACSEGGOE SOIF A bat comes into view.
A bat is nearby!
A bat is nearby!
The bat hits you but does no damage.
You hit the bat. The bat hits you but does no damage.
You hit the bat.
You kill the bat!
No target in view!
No target in view!
Could not explore, unopened door.
You open the door.
There is an open door here.
There is an open door here.
Could not explore, unopened door.
Could not explore, unopened door.
You open the door.
There is an open door here.
There is an open door here.
You now have 133 gold pieces (gained 12).
You now have 141 gold pieces (gained 8).
A quokka comes into view.
A quokka is nearby!
A quokka is nearby!
You reach to attack!
You hit the quokka. You hit the quokka.
You kill the quokka!
No target in view!
No target in view!
A kobold and a worm come into view.
Found a short runed staff.
The kobold shouts!
The worm bites you.
There are monsters nearby!
There are monsters nearby!
You hit the worm but do no damage. You completely miss the worm.
The worm bites you.
You hit the worm but do no damage. You hit the worm.
The worm barely misses you.
You hit the worm. You hit the worm. The worm bites you but does no damage.
You hit the worm. You hit the worm but do no damage. The worm bites you!
You are too injured to fight recklessly!
You are too injured to fight recklessly!
You are too injured to fight recklessly!
Reach: a) +0 spear
Aim: a worm (moderately wounded, about 21% to evade your +0 spear)
You hit the worm.
Reach: a) +0 spear
Aim: a worm (severely wounded, about 21% to evade your +0 spear)
You hit the worm. The worm bites you but does no damage.
A jelly comes into view.
Reach: a) +0 spear
Aim: a worm (almost dead, about 21% to evade your +0 spear)
The jelly quivers.
You hit the worm but do no damage. The jelly hits you but does no damage.
A gnoll comes into view. It is wielding a +0 whip.
Found a gold piece.
Found a faded altar of an unknown god.
The gnoll shouts!
The jelly attacks as you move away! The jelly hits you but does no damage.
The jelly jiggles.
The jelly attacks as you move away! The jelly hits you but does no damage.
The jelly attacks as you move away! The jelly hits you but does no damage.
The jelly attacks as you move away! The jelly hits you but does no damage.
The jelly attacks as you move away! The jelly hits you but does no damage.
The jelly attacks as you move away! The jelly hits you but does no damage.
There is a stone staircase leading up here.
The jelly hits you but does no damage.
You climb upwards.
There is a stone staircase leading down here.
Reach: a) +0 spear
Aim: a jelly (about 10% to evade your +0 spear)
You hit the jelly.
Your claws burn!
Reach: a) +0 spear
Aim: a jelly (moderately wounded, about 10% to evade your +0 spear)
You hit the jelly.
Your claws burn!
* * * LOW HITPOINT WARNING * * *
The jelly hits you but does no damage.
Reach: a) +0 spear
Aim: a jelly (severely wounded, about 10% to evade your +0 spear)
You hit the jelly.
Your claws burn!
* * * LOW HITPOINT WARNING * * *
The jelly hits you.
* * * LOW HITPOINT WARNING * * *
You are splashed with acid!
You die...

#.# #..............)..... #.#
#.###.#######..#####. #.# #.# #.#
#...# #. #.# ##.# #.#######.#.#
#. #######.####..###.........#.##
#.
#......................#.....###.
#.####...##...###.####.#.....##.#
#.##...#........#.# #.........##
#.##.#...##.....@.####..#####....
#†##.##.###.....J#......# #..<.
#.##.##....)............# #....
#.##.##..........#.###..# #....
#.##.##.###)............#####.†.|
#.##.##.# ###.#.#######.......###
#.##.##.### #.#.# #########
#.##.#....###.#.##
#.##.#..#........#


You could see a jelly.

Vanquished Creatures
  An adder (D:2)
  5 ball pythons
  4 endoplasms
  4 goblins
  4 hobgoblins
  5 kobolds
  3 quokkas
  9 bats
  2 frilled lizards (D:2)
  A rat (D:1)
38 creatures vanquished.

Notes
Turn   | Place    | Note
-------+----------+-------------------------------------------
     0 | D:1      | CryoSword the Ghoul Monk began the quest for the Orb.
     0 | D:1      | Reached XP level 1. HP: 19/19 MP: 0/0
   308 | D:1      | Reached skill level 3 in Polearms
   450 | D:1      | Reached XP level 2. HP: 26/26 MP: 1/1
  1123 | D:2      | Reached XP level 3. HP: 29/31 MP: 2/2
  1297 | D:2      | Reached skill level 4 in Polearms
  2131 | D:3      | Found a faded altar of an unknown god.
  2155 | D:2      | Splashed by a jelly's acid

Illustrated notes

Levels and vault maps discovered:
D:1:      zelgadis_glass_arrival_small, layout_loops_cross,
          minmay_split_cup_small
D:2:      layout_loops_ring
D:3:      gammafunk_steamed_eel, layout_basic, mainiacjoe_overflow_24_doors,
          hellmonk_ecumenical_altar_pennies_from_heaven, st_stairs_7,
          minmay_checkerbox

Skill      XL: |  1  2  3 |
---------------+----------+-----
Polearms       | 3 4 |  4.2
Fighting       | |  3.2
Dodging        | |  2.6
Stealth        | |  2.1

Action                   || total
-------------------------++-------
Melee: Spear             ||   157
Throw: Dart              ||     3
 Stab: Sleeping          ||     5
Armor: Leather armour    ||    36
       Plate armour      ||    13
Dodge: Dodged            ||    77
